Map: 얼어붙은 사원

Players

llllllllllll (Scarlett) - Winner!

  • Race: Zerg Zerg
  • League: Grandmaster

아이어의구원자

  • Race: Protoss Protoss
  • League: Master

VOD

Have the link to the VOD?

Description

Time

  • Played on: April 14, 2016, 4:12 a.m.
  • Length: 8:19
Show
View Real Time Build Order
Export as new Build Order

llllllllllll Zerg - Winner!

Build Orders: Hatch First 

Get SALT Encoding   

  12  0:00  Drone  
  13  0:09  Drone  
  14  0:17  Overlord  
  14  0:27  Extractor, Drone  
  15  0:36  Drone x2  
  17  0:53  Hatchery  
  16  0:57  Drone  
  16  0:59  Drone  
  18  1:06  Drone  
  18  1:09  Extractor  
  18  1:16  Spawning Pool  
  17  1:19  Drone  
  18  1:27  Drone  
  19  1:39  Drone  
  20  1:48  Overlord  
  20  1:58  Hatchery  
  19  2:01  Drone  
  19  2:05  Zergling x2  
  21  2:09  Metabolic Boost  
  21  2:13  Drone  
  22  2:16  Drone  
  23  2:25  Drone  
  23  2:28  Queen  
  26  2:39  Drone x3  
  29  2:44  Drone  
  29  2:45  Queen  
  29  2:50  Overlord  
  32  2:57  Drone  
  33  3:06  Queen  
  33  3:12  Zergling x8  
  39  3:18  Overlord  
  39  3:25  Queen  
  41  3:28  Zergling x2  
  41  3:31  Overlord  
  41  3:32  Overlord  
  42  3:37  Drone  
  42  3:38  Drone x3  
  45  3:51  Drone  
  45  3:52  Drone x2  
  45  3:53  Drone  
  45  3:54  Drone x2  
  51  3:56  Drone x2  
  51  4:01  Drone  
  51  4:02  Drone  
  55  4:09  Extractor  
  54  4:10  Drone  
  54  4:11  Drone x4  
  54  4:14  Lair  
  58  4:26  Roach Warren  
  58  4:28  Extractor  
  58  4:29  Extractor, Drone x6  
  61  4:37  Spore Crawler  
  60  4:39  Spore Crawler  
  60  4:42  Zergling x10  
  64  5:01  Overlord x4  
  64  5:12  Overseer  
  64  5:14  Glial Reconstitution  
  64  5:18  Drone  
  64  5:20  Drone x3  
  68  5:22  Drone x6  
  68  5:23  Overlord x3  
  72  5:37  Roach x6  
  81  5:47  Roach  
  81  5:48  Roach x2  
  82  5:50  Roach  
  82  5:51  Roach  
  85  5:59  Drone x2  
  85  6:00  Drone x2  
  88  6:13  Roach x5  
  88  6:14  Roach  
  100  6:22  Roach x2  
  104  6:31  Roach x7  
  118  6:36  Tunneling Claws  
  118  6:37  Burrow  
  118  6:39  Drone x4  
  122  6:41  Overlord  
  122  6:42  Overlord  
  117  6:52  Overlord  
  117  6:54  Drone x4  
  113  7:13  Roach x5  
  113  7:14  Roach x4  
  119  7:25  Roach x6  
  119  7:28  Evolution Chamber  
  119  7:29  Evolution Chamber  
  119  7:30  Roach  
  119  7:34  Roach x7  
  121  7:47  Hatchery  
  121  7:50  Roach x16  
Show
View Real Time Build Order
Export as new Build Order

아이어의구원자 Protoss 

Build Orders: Nexus First 

Get SALT Encoding   

  12  0:01  Probe (Chrono Boost)  
  13  0:11  Probe (Chrono Boost)  
  14  0:22  Probe (Chrono Boost)  
  14  0:23  Pylon  
  15  0:41  Probe (Chrono Boost)  
  16  0:51  Probe (Chrono Boost)  
  17  1:00  Nexus  
  17  1:02  Probe (Chrono Boost)  
  18  1:11  Gateway  
  18  1:14  Probe (Chrono Boost)  
  19  1:20  Assimilator  
  19  1:25  Probe (Chrono Boost)  
  20  1:29  Assimilator  
  20  1:36  Probe (Chrono Boost)  
  20  1:39  Pylon  
  21  1:46  Probe (Chrono Boost)  
  22  1:55  Gateway  
  22  1:57  Probe (Chrono Boost)  
  22  2:01  Cybernetics Core  
  23  2:12  Probe x2 (Chrono Boost)  
  26  2:22  Probe (Chrono Boost)  
  26  2:23  Probe (Chrono Boost)  
  26  2:29  Pylon  
  27  2:33  Probe x2 (Chrono Boost)  
  29  2:39  Stalker (Chrono Boost)  
  29  2:41  Warp Gate (Chrono Boost)  
  31  2:44  Stalker (Chrono Boost)  
  31  2:50  Mothership Core  
  35  2:53  Probe  
  36  3:05  Probe  
  36  3:11  Probe  
  37  3:17  Probe  
  37  3:19  Twilight Council  
  38  3:23  Probe  
  39  3:29  Probe, Sentry (Chrono Boost), Adept (Chrono Boost)  
  44  3:35  Probe  
  44  3:39  Gateway  
  44  3:41  Gateway  
  45  3:46  Pylon  
  45  3:48  Probe, Resonating Glaives (Chrono Boost)  
  46  3:54  Pylon  
  46  4:04  Probe x2  
  48  4:14  Pylon  
  48  4:16  Probe  
  49  4:17  Probe  
  49  4:20  Pylon  
  50  4:25  Pylon  
  50  4:28  Probe  
  51  4:36  Probe  
  51  4:47  Adept  
  51  4:49  Probe  
  53  4:53  Probe, Adept x3  
  60  5:00  Nexus  
  60  5:01  Pylon  
  60  5:03  Probe, Robotics Facility, Pylon  
  61  5:07  Probe, Assimilator  
  61  5:09  Assimilator  
  62  5:15  Probe  
  62  5:19  Adept x2  
  67  5:21  Probe  
  67  5:27  Probe  
  69  5:32  Blink  
  69  5:41  Probe  
  68  5:47  Probe  
  69  5:52  Immortal (Chrono Boost)  
  69  5:53  Probe  
  69  5:54  Pylon  
  69  5:56  Pylon  
  66  5:59  Probe  
  65  6:04  Sentry x2  
  65  6:05  Probe, Stalker x2  
  74  6:11  Probe  
  74  6:15  Gateway  
  74  6:17  Probe x2  
  74  6:18  Gateway  
  76  6:23  Probe  
  78  6:28  Probe  
  78  6:29  Immortal (Chrono Boost)  
  78  6:30  Probe  
  84  6:33  Sentry  
  84  6:34  Sentry  
  84  6:35  Probe  
  84  6:38  Probe  
  89  6:41  Adept  
  89  6:42  Probe, Adept  
  93  6:48  Probe  
  93  6:51  Probe  
  93  6:54  Probe  
  96  6:59  Stalker  
  96  7:04  Gateway  
  96  7:06  Gateway  
  93  7:14  Stalker x4  
  93  7:18  Immortal (Chrono Boost)  
  91  7:28  Sentry  
  91  7:29  Probe  
  82  7:32  Probe  
  82  7:35  Pylon  
  82  7:37  Pylon  
  79  7:39  Sentry  
  79  7:40  Stalker x3, Assimilator  
  79  7:42  Assimilator  
  81  7:58  Observer (Chrono Boost)  
  76  7:59  Sentry  
  76  8:01  Stalker  
  80  8:07  Probe  
Tags
 
Add a new tag
Caveats
  • Supply blocks, unpowered buildings, or Contaminate may cause inaccurate times.
  • Supply counts are checked every 10 seconds.